 Dungeon Crawl Stone Soup version 0.31-a0-1005-gfbdfbacc72 (webtiles) character file.

Game seed: 15240386412183094564

5390 Dirtsage the Martial Artist (level 10, -3/68 HPs)
             Began as an Octopode Shapeshifter on Nov 10, 2023.
             Was an Initiate of Gozag.
             Slain by Maurice
             ... wielding a +5 short sword of electrocution
              (10 damage)
             ... on level 8 of the Dungeon.
             The game lasted 00:19:50 (8046 turns).

Dirtsage the Martial Artist (Octopode Shapeshifter) Turns: 8046, Time: 00:19:51

Health: -3/68      AC:  5    Str: 13    XL:     10   Next: 66%
Magic:  10/12      EV: 13    Int: 13    God:    Gozag
Gold:   629        SH:  0    Dex: 16    Spells: 9/12 levels left

rFire   . .          .
                       - Unarmed
rCold   . . .        (no shield)
rNeg    . . .        (helmet currently unavailable)
rPois   .            (no amulet)
rElec   .            f - +4 ring of protection
rCorr   .            (no ring)
SInv    .            (no ring)
Will    .....        (no ring)
Stlth   ++           (no ring)
HPRegen 0.31/turn    (no ring)
MPRegen 0.13/turn    (no ring)
                     (no ring)

%: clarity
@: about to teleport, beast-form, studying Fire Magic
A: beast (slay +4), almost no armour, amphibious, 8 rings, camouflage 1,
gelatinous body 1, (nimble swimmer 1), tentacles, clarity
a: Begin Untransformation, Renounce Religion, Potion Petition, Call Merchant,
Bribe Branch


You were on level 8 of the Dungeon.
You worshipped Gozag.
Gozag was pleased with you.
You were a hulking beast.
You visited 2 branches of the dungeon, and saw 9 of its levels.
You also visited: Ossuary.

You collected 923 gold pieces.
You spent 196 gold pieces at shops.
You paid 98 gold pieces to Gozag.

Inventory:

Jewellery
 f - a +4 ring of protection (left tentacle)
Talismans
 c - a flux talisman
Wands
 j - a wand of polymorph (19)
Scrolls
 d - 4 scrolls of immolation
 e - a scroll of enchant armour
 g - a scroll of fear
 i - a scroll of silence {unknown}
 m - a scroll of torment
 r - a scroll of revelation
 s - a scroll of vulnerability
 t - 2 scrolls of teleportation
 v - 2 scrolls of amnesia {unknown}
Potions
 a - 3 potions of lignification
 h - 2 potions of invisibility
 k - 2 potions of brilliance
 l - a potion of magic
 n - 2 potions of resistance {unknown}
 o - a potion of attraction {unknown}
 p - 2 potions of berserk rage {unknown}
 q - 3 potions of curing
 u - 2 potions of mutation


   Skills:
 + Level 6.2 Fighting
 - Level 2.0 Dodging
 * Level 9.5 Unarmed Combat
 + Level 1.9 Spellcasting
 - Level 6.0 Ice Magic
 * Level 8.8 Shapeshifting


You had 9 spell levels left.
You knew the following spells:

 Your Spells              Type           Power      Damage    Failure   Level
a - Ozocubu's Armour      Ice            16%        N/A       7%          3

Your spell library contained the following spells:

 Spells                   Type           Power      Damage    Failure   Level
 Apportation              Tloc           2%         N/A       26%         1
 Necrotise                Necr           4%         1d4       26%         1
 Summon Small Mammal      Summ           4%         N/A       26%         1
 Jinxbite                 Hex            2%         N/A       36%         2
 Scorch                   Fire           2%         2d5       36%         2
 Metabolic Englaciation   Hex/Ice        4%         N/A       91%         5
 Flame Wave               Conj/Fire      1%         2d4       95%         4
 Alistair's Intoxication  Tmut/Pois      0%         N/A       100%        5
 Summon Cactus Giant      Summ           0%         N/A       100%        6
 Simulacrum               Ice/Necr       Unusable   N/A       N/A         6

Dungeon Overview and Level Annotations

Branches:
Dungeon (8/15)             Temple (1/1) D:4         Ossuary (visited)
   Lair: D:8-11

Altars:
Ashenzari
Cheibriados
Dithmenos
Fedhas
Gozag
Hepliaklqana
Kikubaaqudgha
Makhleb
Nemelex Xobeh
Okawaru
Ru
Sif Muna
Uskayaw
Vehumet
Wu Jian
Xom
Yredelemnul
Zin

Shops:
D:6 ?

Annotations:
D:2 1 runed translucent door, Crazy Yiuf
D:8 Maurice


Innate Abilities, Weirdness & Mutations

You are a hulking beast.
Your limbs bulge with bestial killing power. (Slay +4)
You cannot wear most types of armour.
You are amphibious.
You can wear up to eight rings at the same time.
Your skin changes colour to match your surroundings (Stealth+).
Your rubbery body absorbs attacks. (AC +1, EV +1)
((You are camouflaged when in or above water. (Stealth+)))
You have tentacles for arms and can constrict up to eight enemies at once.
You possess an exceptional clarity of mind.


Message History

You swing at nothing.
You swing at nothing.
You hear a zap.
Your mind is blasted!
You take 1 damage, and have 46/68 hp.
You swing at nothing.
A vampire comes into view.
You swing at nothing.
You swing at nothing.
You bludgeon something! Your squeeze misses something. Something hits you!
Something steals your beast talisman!
You take 6 damage, and have 40/68 hp.
You closely miss something.
You hear a zap.
Your mind is blasted!
You take 8 damage, and have 32/68 hp.
You miss something. Your squeeze misses something.
The vampire casts a spell.
The vampire flickers and vanishes!
You bludgeon something! Your squeeze misses something.
You hear a zap.
Your mind is blasted!
You take 8 damage, and have 24/68 hp.
You tentacle-slap something.
Your tentacle-slap misses something.
You hear a zap.
Your mind is blasted!
* * * LOW HITPOINT WARNING * * *
You take 14 damage, and have 10/68 hp.
MASSIVE DAMAGE!!
As you read the scroll of teleportation, it crumbles to dust.
You feel strangely unstable. Something hits you.
* * * LOW HITPOINT WARNING * * *
Something steals 407 gold pieces!
You no longer have enough gold to fund merchants seeking to open stores in the dungeon.
You now have 629 gold pieces.
You take 3 damage, and have 7/68 hp.
Okay, then.
Your icy armour cracks and falls away as you move.
Something hits you!
You die...
Your body crumbles into a pile of gold.

. ##. .. #..
.. #.# .. #.#
.# ## #.#
#.#.. #.#
#.#.####
#h####.#.#..#
#...{.......#
#####....####
##........
##.....####
#..)...#
##'###<.#
##...##..#
#≈...~####


There were no monsters in sight!

Vanquished Creatures
  Pikel (D:4)
  A manticore (D:7)
  A gargoyle (D:7)
  Grinder (D:5)
  Sigmund (D:2)
  A wyvern (D:7)
  4 yaks (D:5)
  Eustachio (D:4)
  Menkaure (D:5)
  2 water moccasins
  Duvessa (D:4)
  3 ice beasts (D:7)
  2 black bears
  4 sky beasts (D:7)
  A centaur (D:8)
  4 lemures (D:4)
  2 phantoms
  2 bullfrogs (D:7)
  3 scorpions
  A wight (D:7)
  3 water moccasin zombies (Ossuary)
  Dowan (D:4)
  A howler monkey (D:6)
  3 jellies
  2 hounds
  An orc priest (D:7)
  3 sleepcaps
  2 gnoll boudas
  Jessica (D:3)
  Terence (D:2)
  4 orc wizards
  Natasha (D:3)
  5 iguanas
  Ijyb (D:3)
  2 mummies (Ossuary)
  10 gnolls
  6 adders
  3 white imps
  6 adder zombies (Ossuary)
  4 worms
  3 dart slugs (D:1)
  21 orcs
  7 endoplasms
  4 giant cockroaches
  12 hobgoblins
  6 jackals
  6 kobolds
  6 quokkas
  5 ball pythons
  3 bats
  4 frilled lizards
  5 gnoll zombies (Ossuary)
  12 goblins
  4 hobgoblin zombies (Ossuary)
  7 kobold zombies (Ossuary)
  3 orc zombies (Ossuary)
  7 rats
  A spectral hobgoblin (D:8)
213 creatures vanquished.

Notes
Turn   | Place    | Note
-------+----------+-------------------------------------------
     0 | D:1      | Dirtsage the Octopode Shapeshifter began the quest for the
                  | Orb.
     0 | D:1      | Reached XP level 1. HP: 13/13 MP: 1/1
   120 | D:1      | Reached XP level 2. HP: 18/18 MP: 2/2
   229 | D:1      | Reached XP level 3. HP: 18/23 MP: 3/3
   231 | D:1      | Found a faded altar of an unknown god.
   388 | D:1      | Reached skill level 1 in Ice Magic
   497 | D:2      | Found a runed translucent door.
   498 | D:2      | Noticed Crazy Yiuf
   693 | D:2      | Reached XP level 4. HP: 29/29 MP: 4/4
   756 | D:2      | Noticed Sigmund
   769 | D:2      | Killed Sigmund
   770 | D:2      | Reached skill level 4 in Unarmed Combat
   770 | D:2      | Reached XP level 5. HP: 34/35 MP: 5/5
   953 | D:2      | Reached XP level 6. HP: 40/40 MP: 6/6
  1078 | D:2      | Noticed Terence
  1092 | D:2      | Killed Terence
  1292 | D:3      | Noticed Ijyb
  1298 | D:3      | Killed Ijyb
  1615 | D:3      | Found a broken altar of Ashenzari.
  1717 | D:3      | Noticed Jessica
  1720 | D:3      | Killed Jessica
  2052 | D:3      | Noticed Natasha
  2057 | D:3      | Killed Natasha
  2099 | D:3      | Found a burning altar of Makhleb.
  2099 | D:3      | Noticed an Executioner
  2237 | D:4      | Found a basalt altar of Yredelemnul.
  2244 | D:4      | Reached skill level 5 in Unarmed Combat
  2244 | D:4      | Reached XP level 7. HP: 39/45 MP: 7/7
  2315 | D:4      | Found a staircase to the Ecumenical Temple.
  2329 | Temple   | Entered the Ecumenical Temple
  2347 | D:4      | Noticed Duvessa
  2348 | D:4      | Noticed Dowan
  2369 | D:4      | Killed Duvessa
  2370 | D:4      | Reached skill level 5 in Shapeshifting
  2370 | D:4      | Gained mutation: You sometimes lose your temper in combat.
                  | [potion of mutation]
  2370 | D:4      | Gained mutation: Your mind is acute. (Int +4, Str/Dex -1)
                  | [potion of mutation]
  2371 | D:4      | Lost mutation: You sometimes lose your temper in combat.
                  | [potion of mutation]
  2371 | D:4      | Lost mutation: Your mind is acute. (Int +4, Str/Dex -1)
                  | [potion of mutation]
  2371 | D:4      | Gained mutation: Your flesh is cold resistant. (rC+)
                  | [potion of mutation]
  2371 | D:4      | Lost mutation: Your flesh is cold resistant. (rC+) [potion
                  | of mutation]
  2371 | D:4      | Gained mutation: You possess an exceptional clarity of
                  | mind. [potion of mutation]
  2380 | D:4      | Killed Dowan
  2459 | D:4      | Noticed Eustachio
  2681 | D:4      | Found a shimmering blue altar of Sif Muna.
  2681 | D:4      | Found a sparkling altar of Nemelex Xobeh.
  2685 | D:4      | Noticed Pikel
  2707 | D:4      | Killed Pikel
  2708 | D:4      | Reached skill level 6 in Unarmed Combat
  2708 | D:4      | Reached XP level 8. HP: 29/54 MP: 8/8
  2792 | D:4      | Found a snail-covered altar of Cheibriados.
  2825 | D:4      | Found a glowing silver altar of Zin.
  3024 | D:4      | Found a radiant altar of Vehumet.
  3169 | D:4      | Killed Eustachio
  3435 | D:5      | Entered Level 5 of the Dungeon
  3495 | D:5      | Found an opulent altar of Gozag.
  3495 | D:5      | Noticed Grinder
  3554 | D:5      | Paralysed by Grinder for 2 turns
  3563 | D:5      | Killed Grinder
  3564 | D:5      | Reached skill level 7 in Unarmed Combat
  3564 | D:5      | Reached XP level 9. HP: 30/59 MP: 9/9
  3566 | D:5      | Became a worshipper of Gozag Ym Sagoz the Greedy
  3712 | D:5      | Found a sand-covered staircase.
  3716 | Ossuary  | Entered an ossuary
  3801 | Ossuary  | Learned a level 3 spell: Ozocubu's Armour
  4124 | D:5      | Reached skill level 5 in Fighting
  4124 | D:5      | Reached skill level 8 in Unarmed Combat
  4132 | D:5      | Reached skill level 5 in Ice Magic
  4426 | D:5      | Found a sacrificial altar of Ru.
  4550 | D:5      | Noticed Menkaure
  4558 | D:5      | Killed Menkaure
  4750 | D:6      | Found a shimmering altar of Xom.
  4978 | D:6      | Found Winajosk's Magic Scroll Shoppe.
  4981 | D:6      | Bought 2 scrolls of noise for 28 gold pieces
  4981 | D:6      | Bought a scroll of identify for 28 gold pieces
  4981 | D:6      | Bought a scroll of teleportation for 42 gold pieces
  4981 | D:6      | Bought a scroll of identify for 28 gold pieces
  4981 | D:6      | Bought a scroll of identify for 28 gold pieces
  4981 | D:6      | Bought a scroll of teleportation for 42 gold pieces
  5584 | D:6      | Reached XP level 10. HP: 66/66 MP: 10/10
  5652 | D:7      | Identified the +6 dagger "Noapa" {protect, +Blink Dex+2}
  5747 | D:7      | Identified the +5 war axe of the Muttering Gods {drain,
                  | +Blink rF+ SInv}
  5759 | D:7      | Noticed a gargoyle
  5778 | D:7      | Killed a gargoyle
  6300 | D:7      | Reached skill level 9 in Unarmed Combat
  7001 | D:7      | Noticed a manticore
  7006 | D:7      | Reached skill level 1 in Spellcasting
  7010 | D:7      | HP: 3/68 [manticore (9)]
  7011 | D:7      | Killed a manticore
  7704 | D:8      | Noticed Maurice
  8004 | D:8      | Found a hazy altar of Hepliaklqana.
  8040 | D:8      | Something stole a beast talisman
  8045 | D:8      | Something stole 407 gold
  8046 | D:8      | Slain by Maurice

Illustrated notes

Levels and vault maps discovered:
D:1:      dpeg_arrival_snail, layout_basic, basic_ecumenical_altar,
          st_stairs_14, feat_on_display
D:2:      cheibrodos_greedy_goblins, layout_rooms, uniq_terence,
          uniq_crazy_yiuf_cottage, uniq_sigmund
D:3:      layout_basic, makhleb_altar_promises_db, evilmike_ruin_ashenzari,
          uniq_natasha, uniq_jessica, uniq_ijyb
D:4:      layout_rooms, mainiacjoe_overflow_concentric_impassable,
          zin_scriptorium, fiery_altar_vehumet, gammafunk_temple_overflow_claw,
          minmay_temple_entry_grid, serial_aquarium, aquarium_bridge_straight
          [aquarium_subvault_bridge, aquarium_subvault_balcony,
          aquarium_subvault_bridge, aquarium_subvault_wall],
          aquarium_bridge_square [aquarium_subvault_window,
          aquarium_subvault_wall, aquarium_subvault_bridge,
          aquarium_subvault_bridge], aquarium_window_corridor_3,
          aquarium_window_1, aquarium_window_1, aquarium_view_2a,
          aquarium_view_2c, uniq_pikel, uniq_eustachio, uniq_duvessa
D:5:      layout_rooms, grunt_gozag_statues, kennysheep_mini_moat,
          nicolae_ossuary_entry_plus, nicolae_zig_zag_zippers, uniq_grinder,
          uniq_menkaure
D:6:      layout_gridville, nicolae_overflow_crystal_walls, serial_shops, shop
D:7:      cheibrodos_barr_body, layout_layer_cave, minmay_manual_mandibuliform
D:8:      layout_basic, nicolae_hepliaklqana_monster_ancestors,
          elyvilon_altar_1, kennysheep_generic_room_2, uniq_maurice,
          uniq_joseph, uniq_erica
Temple:   hellmonk_temple_micro_hex

Skill      XL: |  1  2  3  4  5  6  7  8  9 10 |
---------------+-------------------------------+-----
Ice Magic      | 1 2 3 4 5 6 |  6.0
Fighting       | 2 3 4 5 6 |  6.2
Unarmed Combat | 4 5 6 7 8 9 |  9.5
Shapeshifting  | 4 5 6 7 8 |  8.8
Spellcasting   | 1 |  1.9
Dodging        | |  2.0

Action                     |  1- 3 |  4- 6 |  7- 9 | 10-12 || total
---------------------------+-------+-------+-------+-------++-------
  Melee: Unarmed           |    60 |   109 |   263 |   107 ||   539
         Tentacles         |    10 |    19 |    66 |    23 ||   118
         Constrict         |    12 |    19 |    62 |    16 ||   109
         Punch             |     1 |     9 |    15 |     6 ||    31
  Throw: Throwing net      |       |       |       |     1 ||     1
   Cast: Ozocubu's Armour  |       |       |     9 |     9 ||    18
    Use: Potion            |       |     1 |     5 |     1 ||     7
         Scroll            |       |       |    11 |     2 ||    13
   Stab: Sleeping          |     8 |     5 |     7 |     4 ||    24
 Armour: Skin              |    20 |    45 |   121 |    55 ||   241
  Dodge: Dodged            |    34 |    41 |   106 |    51 ||   232

Table legend: (Time is in decaauts)
 A = Elapsed time spent in this place.
 B = Non-inter-level travel time spent in this place.
 C = Inter-level travel time spent in this place.
 D = Time resting spent in this place.
 E = Time spent auto-exploring this place.
 F = Levels seen in this place.
 G = Mean time per level.
                   A        B        C        D        E       F      G
               +--------+--------+--------+--------+--------+-----+--------+
         Total |   7982 |   7629 |    353 |    997 |   5311 |  10 |  798.2 |
       Dungeon |   7701 |   7348 |    353 |    997 |   5122 |   8 |  962.6 |
        Temple |      1 |      1 |      0 |      0 |      0 |   1 |    1.0 |
       Ossuary |    279 |    279 |      0 |      0 |    189 |   1 |  279.0 |
               +--------+--------+--------+--------+--------+-----+--------+

Top non-repeatable levels by time:
     D:7: 2152 daAuts
     D:2: 1095 daAuts
     D:4: 995 daAuts
     D:5: 990 daAuts
     D:6: 903 daAuts
     D:3: 863 daAuts
     D:1: 459 daAuts
 Ossuary: 279 daAuts
     D:8: 241 daAuts
  Temple: 1 daAuts
